 Dungeon Crawl Stone Soup version 0.20.1-1-g8b1a95d (webtiles) character file.

1556 tidbits the Insei (level 8, -1/66 HPs)
             Began as a Demigod Transmuter on Aug 20, 2017.
             Shot with an arrow by a centaur (15 damage)
             ... on level 5 of the Dungeon.
             The game lasted 00:36:09 (3626 turns).

tidbits the Insei (Demigod Transmuter)              Turns: 3626, Time: 00:36:09

Health: -1/66      AC:  2    Str: 13    XL:     8   Next: 32%
Magic:  11/14      EV: 15    Int: 21    God:
Gold:   12         SH:  0    Dex: 16    Spells: 5/11 levels left

rFire    . . .     SeeInvis .     - Unarmed
rCold    . . .     Gourm    .   (no shield)
rNeg     . . .     Faith    .   b - +0 robe
rPois    .         Spirit   .   (no helmet)
rElec    .         Reflect  .   (no cloak)
rCorr    .         Harm     .   (no gloves)
MR       .....                  (no boots)
Stlth    +.........             (no amulet)
Regen    0.3/turn               (no ring)
MPRegen  0.2/turn               (no ring)

@: no status effects
A: high mp 1
a: no special abilities


You were on level 5 of the Dungeon.
You were not hungry.

You visited 1 branch of the dungeon, and saw 6 of its levels.
You also visited: Sewer and Ossuary.

You collected 166 gold pieces.
You spent 154 gold pieces at shops.

Inventory:

Missiles
 a - 70 arrows
 e - 14 stones (quivered)
 i - 8 curare-tipped needles
 y - 2 javelins
Armour
 b - a +0 robe (worn)
 q - a scarf of spirit shield
   (You found it on level 3 of the Dungeon)
Wands
 d - a wand of digging (11/24)
 j - a wand of confusion (8/48)
 w - a wand of flame (22/48)
Scrolls
 h - a scroll of amnesia {unknown}
 k - a scroll of fear {unknown}
 r - 3 scrolls of remove curse
 s - a scroll of noise {unknown}
 t - 5 scrolls of teleportation
 x - a scroll of blinking {unknown}
 E - a scroll of enchant weapon {unknown}
Potions
 f - a potion of resistance
 m - 3 potions of heal wounds
 n - a potion of agility
 o - 3 potions of flight
 p - a potion of curing
 u - a potion of mutation {unknown}
 v - 3 potions of magic
 z - 2 potions of brilliance
 A - 2 potions of berserk rage
 B - a potion of lignification {unknown}
 C - a potion of invisibility {unknown}
 G - 2 potions of might
Books
 c - a book of Changes

   Spells                             Type                      Level
   a - Beastly Appendage              Transmutation                1
   b - Sticks to Snakes               Transmutation                2
   c - Spider Form                    Transmutation/Poison         3
   d - Ice Form                       Ice/Transmutation            4
   e - Blade Hands                    Transmutation                5
Comestibles
 g - 2 meat rations
 l - 3 royal jellies
 D - 4 bread rations


   Skills:
 + Level 4.0 Fighting
 + Level 4.4 Dodging
 * Level 7.9 Unarmed Combat
 - Level 2.0 Spellcasting
 - Level 3.1 Transmutations


You had 5 spell levels left.
You knew the following spells:

 Your Spells              Type           Power        Failure   Level  Hunger
e - Beastly Appendage     Tmut           ###...       4%          1    #......
k - Sticks to Snakes      Tmut           ###.....     6%          2    ##.....
p - Spider Form           Tmut/Pois      #.........   24%         3    ###....


Dungeon Overview and Level Annotations

Branches:
Dungeon (6/15)
 Temple: D:4-7

Shops:
D:4 }   D:6 !

Annotations:
D:5 Menkaure
D:6 exclusion: hippogriff, Duvessa


Innate Abilities, Weirdness & Mutations

You have an increased reservoir of magic. (+10% MP)


Message History

Your transformation is almost over.
Found 27 bolts.
You now have 12 gold pieces (gained 8).
Your transformation has ended.
Your +0 robe unmelds from your body.
A worker ant comes into view.
You see here a shortbow.
You are near starving!
Casting: Spider Form
Confirm with . or Enter, or press ? or * to list all spells.
You miscast Spider Form.
You are very lightly contaminated with residual magic.
You are poisoned.
You feel sick. x2
The worker ant twitches its antennae in your direction.
Casting: Spider Form
Confirm with . or Enter, or press ? or * to list all spells.
You turn into a venomous arachnid creature.
Your +0 robe melds into your body.
You feel sick.
You hit the worker ant.
The worker ant is lightly wounded.
The worker ant closely misses you.
You hit the worker ant.
The worker ant is poisoned.
The worker ant is moderately wounded.
You feel sick. The worker ant bites you.
* * * LOW HITPOINT WARNING * * *
You are more poisoned.
The worker ant poisons you!
You hit the worker ant.
The worker ant looks as sick as possible!
The worker ant is severely wounded.
You feel sick.
You kill the worker ant! 2 gnolls come into view.
You feel sick.
The gnoll shouts! x2
You see here a worker ant corpse.
You butcher the worker ant corpse.
You feel sick.
You see here 2 chunks of flesh.
F - 2 chunks of flesh You feel sick.
A gnoll comes into view. It is wielding a whip.
Your transformation is almost over.
You feel sick.
Casting: Spider Form
Confirm with . or Enter, or press ? or * to list all spells.
You miscast Sticks to Snakes.
Nothing appears to happen.
You feel sick.
You feel sick.
You feel sick.
You feel sick.
You feel sick.
You feel sick.
Your transformation has ended.
Your +0 robe unmelds from your body.
You feel sick.
You feel sick.
You feel sick.
Found 22 stones.
You feel sick.
Found a scroll labeled IMOIMA QAUREYL.
You feel sick.
You open the door.
A quokka and a bullfrog come into view.
Found a whip.
There is an open door here.
As you read the scroll of teleportation, it crumbles to dust.
You feel strangely unstable.
You feel sick.
The bullfrog gives a loud, deep croak!
A bullfrog comes into view.
A giant cockroach comes into view.
Your surroundings suddenly seem different.
Found a stone staircase leading down.
You feel sick.
There is a stone staircase leading down here.
Eat one of 2 chunks of flesh? (ye/n/q)
You eat one of the 2 chunks of flesh.
This raw flesh tastes terrible.
You are feeling hungry.
Eat a chunk of flesh? (ye/n/q)
You eat the chunk of flesh.
This raw flesh tastes terrible.
You feel sick.
You are no longer poisoned.
A hippogriff comes into view.
Found a scroll labeled HOROESETUY, a falchion and a short sword.
Press: ? - help, . - travel You can't see that place. [the floor.] Placed new exclusion.
Your magical contamination has completely faded away.
Found a stone staircase leading up.
There is a stone staircase leading up here.
You climb upwards.
Level annotation: Menkaure A centaur comes into view.
The centaur wields a shortbow.
The centaur shoots an arrow.
The arrow completely misses you.
The centaur shoots an arrow.
The arrow hits you!
* * * LOW HITPOINT WARNING * * *
There is a stone staircase leading down here.
You see here an arrow.
The centaur shoots an arrow.
The arrow hits you!
You die...

.#.........#.#
.###.........#..
.. .# ##.. # .c.
#.. ..### ...
#.# #@# #.# #.#
... #.# #.. #.#
###


You could see a centaur.

Vanquished Creatures
  Pikel (D:5)
  Prince Ribbit (D:5)
  Eustachio (D:4)
  3 slaves (D:5)
  A centaur (D:6)
  A big kobold (Sewer)
  Blork the orc (D:5)
  Dowan (D:6)
  A crimson imp (D:6)
  A jelly (D:6)
  3 orc wizards
  2 orc priests (D:4)
  A centaur skeleton (D:4)
  Natasha (twice) (D:4)
  6 worker ants
  3 mummies (Ossuary)
  A worker ant zombie (D:6)
  A river rat (Sewer)
  6 adders
  A worm (D:4)
  5 dart slugs
  2 leopard geckos
  9 orcs
  2 giant cockroaches
  A gnoll zombie (Ossuary)
  4 goblins
  8 hobgoblins
  2 jackals (Sewer)
  5 kobolds
  4 quokkas
  A ball python (D:4)
  4 bats
  4 frilled lizards
  6 gnoll skeletons (Ossuary)
  3 goblin skeletons (Ossuary)
  2 goblin zombies (Ossuary)
  2 hobgoblin skeletons (Ossuary)
  A hobgoblin zombie (Ossuary)
  A kobold skeleton (Ossuary)
  2 kobold zombies (Ossuary)
  A leopard gecko skeleton (D:4)
  A leopard gecko zombie (D:5)
  4 orc skeletons (Ossuary)
  2 orc zombies (Ossuary)
  A quokka skeleton (D:5)
  7 rats
  2 rat skeletons (Ossuary)
  3 rat zombies (Ossuary)
127 creatures vanquished.

Vanquished Creatures (collateral kills)
  3 adders (D:3)
  A worm (D:2)
  A dart slug (D:1)
  A leopard gecko (D:3)
  2 orcs (D:3)
  A giant cockroach (D:2)
  A kobold (Sewer)
  A gnoll skeleton (Ossuary)
  A goblin zombie (Ossuary)
  An orc zombie (Ossuary)
  A rat skeleton (Ossuary)
14 creatures vanquished.

Vanquished Creatures (others)
  A mummy (Ossuary)
  2 orcs (D:5)
  A gnoll zombie (Ossuary)
  A goblin skeleton (Ossuary)
  3 goblin zombies (Ossuary)
  A hobgoblin skeleton (Ossuary)
  2 hobgoblin zombies (Ossuary)
  A kobold skeleton (Ossuary)
  2 kobold zombies (Ossuary)
  3 orc zombies (Ossuary)
  2 rat skeletons (Ossuary)
  A rat zombie (Ossuary)
20 creatures vanquished.

Grand Total: 161 creatures vanquished

Notes
Turn   | Place    | Note
-------+----------+-------------------------------------------
     0 | D:1      | tidbits the Demigod Transmuter began the quest for the Orb.
     0 | D:1      | Reached XP level 1. HP: 15/15 MP: 5/5
    76 | D:1      | Reached skill level 3 in Unarmed Combat
   222 | D:1      | Reached XP level 2. HP: 17/22 MP: 5/7
   241 | D:1      | Learned a level 2 spell: Sticks to Snakes
   584 | D:2      | Reached XP level 3. HP: 24/27 MP: 2/8
   656 | D:2      | Reached skill level 2 in Transmutations
   748 | D:2      | Reached skill level 2 in Spellcasting
   810 | D:2      | Learned a level 3 spell: Spider Form
   877 | D:3      | Reached skill level 4 in Unarmed Combat
   980 | D:3      | Reached XP level 4. HP: 16/34 MP: 5/9
  1029 | D:3      | Found a glowing drain.
  1068 | Sewer    | Entered a sewer
  1092 | Sewer    | Found a white marble altar of Elyvilon.
  1106 | Sewer    | Noticed a big kobold
  1129 | Sewer    | Killed a big kobold
  1129 | Sewer    | Reached XP level 5. HP: 23/39 MP: 6/10
  1500 | D:3      | Reached skill level 5 in Unarmed Combat
  1500 | D:3      | Reached skill level 3 in Transmutations
  1760 | D:4      | Noticed Natasha
  1774 | D:4      | Killed Natasha
  1774 | D:4      | Reached skill level 1 in Fighting
  1836 | D:4      | Noticed Eustachio
  1866 | D:4      | Killed Eustachio
  1866 | D:4      | Reached skill level 2 in Dodging
  1866 | D:4      | Reached XP level 6. HP: 47/47 MP: 2/12
  2093 | D:4      | Found Wud Goh's Gadget Emporium.
  2220 | D:4      | Noticed Natasha
  2234 | D:4      | Killed Natasha
  2265 | D:5      | Entered Level 5 of the Dungeon
  2343 | D:5      | Noticed Menkaure
  2444 | D:5      | Found a sand-covered staircase.
  2452 | D:5      | Reached skill level 6 in Unarmed Combat
  2458 | D:5      | Reached skill level 2 in Fighting
  2465 | Ossuary  | Entered an ossuary
  2767 | Ossuary  | HP: 1/48 [mummy (15)]
  2824 | D:5      | Noticed Blork the orc
  2846 | D:5      | Killed Blork the orc
  2846 | D:5      | Reached XP level 7. HP: 42/56 MP: 0/13
  2904 | D:5      | Noticed Prince Ribbit
  2911 | D:5      | Noticed Pikel
  2939 | D:5      | Reached skill level 3 in Dodging
  2942 | D:5      | Killed Prince Ribbit
  3059 | D:5      | Killed Pikel
  3059 | D:5      | Reached skill level 3 in Fighting
  3059 | D:5      | Reached skill level 7 in Unarmed Combat
  3059 | D:5      | Reached XP level 8. HP: 26/63 MP: 8/14
  3253 | D:4      | Reached skill level 4 in Dodging
  3408 | D:6      | Noticed Dowan
  3460 | D:6      | Killed Dowan
  3467 | D:6      | Found Koerghunk's Distillery.
  3470 | D:6      | Bought a potion of degeneration for 11 gold pieces
  3470 | D:6      | Bought a potion of might for 44 gold pieces
  3470 | D:6      | Bought a potion of berserk rage for 55 gold pieces
  3470 | D:6      | Bought a potion of might for 44 gold pieces
  3514 | D:6      | Noticed Duvessa
  3535 | D:6      | Reached skill level 4 in Fighting
  3590 | D:6      | Noticed a hippogriff
  3626 | D:5      | Shot with an arrow by a centaur

Skill      XL: |  1  2  3  4  5  6  7  8 |
---------------+-------------------------+-----
Unarmed Combat | 3 4 5 6 7 |  7.9
Transmutations | 2 3 |  3.1
Spellcasting   | 2 |  2.0
Fighting       | 1 2 3 4 |  4.0
Dodging        | 2 3 4 |  4.4

Action                   |  1- 3 |  4- 6 |  7- 9 || total
-------------------------+-------+-------+-------++-------
Melee: Unarmed           |    80 |   178 |    75 ||   333
       Kick              |     2 |       |       ||     2
       Headbutt          |     3 |       |       ||     3
       Punch             |       |     1 |       ||     1
Throw: Stone             |     4 |       |       ||     4
 Cast: Beastly Appendage |    20 |     1 |       ||    21
       Sticks to Snakes  |    10 |    27 |     9 ||    46
       Spider Form       |     2 |    35 |    15 ||    52
 Abil: End Transformatio |       |     1 |     2 ||     3
Evoke: Wand              |       |     2 |    10 ||    12
  Use: Scroll            |     3 |     8 |     3 ||    14
       Potion            |       |     1 |       ||     1
 Stab: Distracted        |     1 |       |     1 ||     2
       Sleeping          |       |     2 |     1 ||     3
       Confused          |       |       |     2 ||     2
  Eat: Chunk             |     2 |    10 |     6 ||    18
       Royal jelly       |       |     1 |       ||     1
Armor: Robe              |     9 |     2 |       ||    11
       Skin              |       |     5 |       ||     5
Dodge: Dodged            |    38 |   102 |    49 ||   189

Table legend:
 A = Turns spent in this place as a percentage of turns spent in the entire game.
 B = Non-inter-level travel turns spent in this place as a percentage of non-inter-level travel turns spent in the entire game.
 C = Inter-level travel turns spent in this place as a percentage of turns spent in this place.
 D = Turns resting spent in this place as a percentage of non-inter-level travel turns spent in this place.
 E = Turns spent auto-exploring this place as a percentage of non-inter-level travel turns spent in this place.
 F = Non-inter-level travel turns spent in this place divided by the number of levels of this place that you've seen.
                   A       B       C       D       E      F
               +-------+-------+-------+-------+-------+----------------------
         Total | 100.0 | 100.0 |   0.1 |   0.1 |   0.0 | 427.6
       Dungeon |  87.9 |  87.9 |   0.1 |   0.0 |   0.0 | 501.3
         Sewer |   3.5 |   3.5 |   0.0 |   1.7 |   0.0 | 119.0
       Ossuary |   8.6 |   8.6 |   0.0 |   0.0 |   0.0 | 294.0
               +-------+-------+-------+-------+-------+----------------------

Table legend:
 A = Kills in this place as a percentage of kills in entire the game.
 B = Kills by you in this place as a percentage of kills by you in the entire game.
 C = Kills by friends in this place as a percentage of kills by friends in the entire game.
 D = Other kills in this place as a percentage of other kills in the entire game.
 E = Experience gained in this place as a percentage of experience gained in the entire game.
 F = Experience gained in this place divided by the number of levels of this place that you have seen.
                   A       B       C       D       E      F
               +-------+-------+-------+-------+-------+----------------------
         Total | 100.0 | 100.0 | 100.0 | 100.0 | 100.0 | 277.9
       Dungeon |  70.8 |  70.7 |  69.2 | 100.0 |  92.4 | 342.2
         Sewer |   7.7 |   7.8 |   7.7 |   0.0 |   5.4 | 121.0
       Ossuary |  21.5 |  21.6 |  23.1 |   0.0 |   2.2 |  49.0
               +-------+-------+-------+-------+-------+----------------------

Vault maps used:
D:1:      elethiomel_arrival_quiet, hex_large
D:2:      cheibrodos_helix_gallery, serial_bayou_lake_a
D:3:      first_bread, gup_sewer_entry_bowl, minivault_24
D:4:      serial_shops, shop, serial_bayou_crossing, uniq_eustachio,
          uniq_natasha
D:5:      minmay_temple_entry_nine_rooms, lightli_ossuary_entry_decrepit_ruins,
          uniq_pikel, uniq_menkaure, uniq_prince_ribbit1, uniq_blork_the_orc
D:6:      wad_guarded_room, serial_shops, nicolae_shop_window_shopping,
          kennysheep_mini_moat, uniq_duvessa, uniq_grinder
Sewer:    sewer_kobolds
Ossuary:  ossuary_due_pyramid
